 Dungeon Crawl Stone Soup version 0.22.0-6-g71bd7aa6b3 (webtiles) character file.

70 Grim the Conjurer (level 4, -3/24 HPs)
             Began as a Deep Elf Conjurer on Aug 14, 2018.
             Killed from afar by an orc wizard (8 damage)
             ... with a puff of flame
             ... on level 1 of the Dungeon.
             The game lasted 00:04:22 (1638 turns).

Grim the Conjurer (Deep Elf Conjurer)               Turns: 1638, Time: 00:04:22

Health: -3/24      AC:  2    Str:  6    XL:     4   Next: 3%
Magic:  10/10      EV: 13    Int: 20    God:
Gold:   54         SH:  0    Dex: 15    Spells: 6/9 levels left

rFire    . . .     SeeInvis .   (no weapon)
rCold    . . .     Gourm    .   (no shield)
rNeg     . . .     Faith    .   a - +0 robe
rPois    .         Spirit   .   (no helmet)
rElec    .         Reflect  .   (no cloak)
rCorr    .         Harm     .   (no gloves)
MR       .....                  (no boots)
Stlth    ++........             (no amulet)
HPRegen  0.08/turn              (no ring)
MPRegen  0.12/turn              (no ring)

@: no status effects
A: no striking features
a: no special abilities


You were on level 1 of the Dungeon.
You were not hungry.

You visited 1 branch of the dungeon, and saw 2 of its levels.

You collected 54 gold pieces.

Inventory:

Armour
 a - a +0 robe (worn)
Scrolls
 b - a scroll of immolation {unknown}
 e - a scroll of fog {unknown}
 f - 2 scrolls of remove curse {unknown}
 g - a scroll of enchant weapon {unknown}
Potions
 d - a potion of flight {unknown}


   Skills:
 - Level 2.4 Dodging
 - Level 2.4 Stealth
 - Level 3.0 Spellcasting
 + Level 6.2 Conjurations


You had 6 spell levels left.
You knew the following spells:

 Your Spells              Type           Power        Failure   Level  Hunger
a - Magic Dart            Conj           ####         1%          1    None
b - Searing Ray           Conj           ####..       1%          2    ##.....

Your spell library contained the following spells:

 Spells                   Type           Power        Failure   Level  Hunger
 Iskenderun's Mystic Bla  Conj           ####....     11%         4    ####...
 Fulminant Prism          Conj/Hex       ###.......   36%         4    ####...
 Dazzling Spray           Conj/Hex       ###...       12%         3    ###....
 Force Lance              Conj/Tloc      ###.....     36%         4    ####...


Dungeon Overview and Level Annotations

Branches:
Dungeon (2/15)

Altars:
Uskayaw


Message History

Casting: Magic Dart (safe; 1% risk of failure)
Confirm with . or Enter, or press ? or * to list all spells.
You can't see any susceptible monsters within range! (Use Z to cast anyway.)
Casting: Magic Dart (safe; 1% risk of failure)
Confirm with . or Enter, or press ? or * to list all spells.
You don't know that spell.
Casting: Magic Dart (safe; 1% risk of failure)
Confirm with . or Enter, or press ? or * to list all spells.
You can't see any susceptible monsters within range! (Use Z to cast anyway.)
Casting: Magic Dart (safe; 1% risk of failure)
Confirm with . or Enter, or press ? or * to list all spells.
You don't know that spell.
Something hits you.
* * * LOW HITPOINT WARNING * * *
You climb upwards.
There is a stone staircase leading down here.
You hear some strange, mumbled words.
A puff of flame appears from out of thin air!
The puff of flame hits you!
You die... ♣≈PPPP♣PP.#

#........###.........
≈≈♣P♣♣≈...###........# #........#
≈≈≈♣≈≈≈.....#........# #........#
P♣♣♣≈≈≈P.##.........## ##.....###
P≈≈≈≈≈P..##.......).## #......###
PP≈≈≈PP..##..........###.#..>....
≈.P≈PP..###..............#..##...
#≈PPP.### #.........##......####.
####### ###...@......###...#...
#...>.....###......#. #........##
#.......# #........####...###..
#...............#####
#....).[.........## #
##.#.####.........###
#.#.###...........##
##.................##


There were no monsters in sight!

Vanquished Creatures
  An orc priest (D:2)
  An adder (D:2)
  An ooze (D:1)
  A leopard gecko (D:2)
  An orc (D:2)
  5 bats
  2 giant cockroaches (D:1)
  3 goblins (D:1)
  3 hobgoblins (D:1)
  A ball python (D:2)
  A frilled lizard (D:1)
  2 kobolds
  3 rats
25 creatures vanquished.

Notes
Turn   | Place    | Note
-------+----------+-------------------------------------------
     0 | D:1      | Grim the Deep Elf Conjurer began the quest for the Orb.
     0 | D:1      | Reached XP level 1. HP: 10/10 MP: 6/6
   260 | D:1      | Reached XP level 2. HP: 15/15 MP: 5/8
   302 | D:1      | Reached skill level 5 in Conjurations
   647 | D:1      | Learned a level 2 spell: Searing Ray
   887 | D:2      | Reached XP level 3. HP: 16/19 MP: 2/9
  1008 | D:2      | Found a hide-covered altar of Uskayaw.
  1139 | D:2      | Reached skill level 6 in Conjurations
  1139 | D:2      | Reached XP level 4. HP: 8/24 MP: 5/10
  1638 | D:1      | Killed from afar by an orc wizard

Skill      XL: |  1  2  3 |
---------------+----------+-----
Conjurations   | 5 6 |  6.2
Dodging        | |  2.4
Stealth        | |  2.4
Spellcasting   | |  3.0

Action                   |  1- 3 |  4- 6 || total
-------------------------+-------+-------++-------
Melee: Unarmed           |     1 |       ||     1
 Cast: Magic Dart        |    42 |     7 ||    49
       Searing Ray       |     2 |       ||     2
  Eat: Ration            |       |     1 ||     1
       Chunk             |       |     1 ||     1
Armor: Robe              |       |     1 ||     1
Dodge: Dodged            |     9 |     2 ||    11
